 Dungeon Crawl Stone Soup version 0.25.0-37-gb73750e0fb (webtiles) character file.

Game seed: 14427653052568083840

1713 Delamore the Fighter (level 9, -2/60 HPs)
             Began as a Gargoyle Fighter on July 9, 2020.
             Killed by divine providence
             ... invoked by an orc priest
              (9 damage)
             ... on level 6 of the Dungeon.
             The game lasted 00:05:36 (5017 turns).

Delamore the Fighter (Gargoyle Fighter)             Turns: 5017, Time: 00:05:37

Health: -2/60      AC: 15    Str: 24    XL:     9   Next: 4%
Magic:  18/18      EV:  8    Int: 14    God:
Gold:   270        SH:  9    Dex:  7    Spells: 8/8 levels left

rFire    + . .     SeeInvis +   J - +6 whip of the Smoking Queen {freeze, rC+ Dex-2 SInv}
rCold    + . .     Gourm    .   c - +0 kite shield
rNeg     + . .     Faith    .   P - +0 ring mail of the Shore {-Cast Harm +Fly MP+9}
rPois    ∞         Spirit   .   n - +0 helmet
rElec    +         Reflect  .   E - +0 cloak
rCorr    .         Harm     +   w - +0 pair of gloves
MR       .....     NoCast   +   (no boots)
Stlth    ..........             x - amulet of regeneration
HPRegen  0.60/turn              I - +6 ring of intelligence
MPRegen  0.16/turn              y - ring of protection from fire

@: no status effects
A: negative energy resistance 1, electricity resistance, unbreathing,
petrification resistance, rot immunity, AC +6
a: Evoke Flight


You were on level 6 of the Dungeon.
You were very hungry.

You visited 1 branch of the dungeon, and saw 6 of its levels.

You collected 335 gold pieces.
You spent 65 gold pieces at shops.

Inventory:

Hand Weapons
 a - a +0 flail
 D - a +2 mace of protection
 J - the +6 whip of the Smoking Queen (weapon) {freeze, rC+ Dex-2 SInv}
   (You found it on level 6 of the Dungeon)

   It has been specially enchanted to freeze those struck by it, causing extra
   injury to most foes and up to half again as much damage against particularly
   susceptible opponents.
   It can also slow down cold-blooded creatures.
   It affects your dexterity (-2).
   It protects you from cold.
   It lets you see invisible.
 L - a +2 whip of flaming
Missiles
 g - 3 javelins (quivered)
 t - a throwing net
Armour
 c - a +0 kite shield (worn)
 n - a +0 helmet (worn)
 w - a +0 pair of gloves (worn)
 E - a +0 cloak (worn)
 P - the +0 ring mail of the Shore (worn) {-Cast Harm +Fly MP+9}
   (You found it on level 6 of the Dungeon)

   It affects your magic capacity (+9).
   It lets you fly.
   It prevents spellcasting.
   It increases damage dealt and taken.
Jewellery
 k - an uncursed ring of see invisible
 x - an amulet of regeneration (around neck)
 y - a ring of protection from fire (right hand)
 I - a +6 ring of intelligence (left hand)
Wands
 o - a wand of acid (7)
 v - a wand of random effects (25)
 C - a wand of flame (14)
Scrolls
 e - 2 scrolls of immolation {unknown}
 h - a scroll of enchant weapon {unknown}
 j - 3 scrolls of remove curse
 m - 4 scrolls of identify {unknown}
 q - 2 scrolls of teleportation {unknown}
 u - 2 scrolls of fog {unknown}
 A - 4 scrolls of amnesia {unknown}
 F - 2 scrolls of magic mapping {unknown}
 G - a scroll of blinking {unknown}
 H - a scroll of noise {unknown}
 N - a scroll of holy word {unknown}
Potions
 d - a potion of might
 i - a potion of degeneration {unknown}
 l - 2 potions of curing {unknown}
 p - 2 potions of haste {unknown}
 s - a potion of berserk rage {unknown}
 z - 2 potions of heal wounds
 B - 3 potions of flight {unknown}
 K - a potion of mutation {unknown}
 O - a potion of magic {unknown}
Comestibles
 f - 14 rations


   Skills:
 + Level 9.3 Fighting
 + Level 8.2 Maces & Flails
 - Level 3.2 Armour
 - Level 3.2 Shields


You had 8 spell levels left.
You didn't know any spells.
Your spell library was empty.

Dungeon Overview and Level Annotations

Branches:
Dungeon (6/15)
 Temple: D:4-7

Altars:
Gozag
Makhleb
Trog
Vehumet
Xom
The Shining One

Shops:
D:5 !

Annotations:
D:5 exclusion: statue


Innate Abilities, Weirdness & Mutations

You are resistant to torment.
Your stone body is resilient. (AC +6)
You are immune to poison.
You resist negative energy. (rN+)
You are resistant to electric shocks. (rElec)
You can survive without breathing.
You are immune to petrification.
You are immune to rotting.


Message History

The orc warrior is severely wounded.
You block the orc warrior's attack.
You hit the orc warrior but do no damage.
The orc warrior is severely wounded.
The orc warrior closely misses you.
You closely miss the orc warrior.
The orc warrior is severely wounded.
The orc priest begins to cast a cantrip, but forgets the words!
You hit the orc warrior. You freeze the orc warrior.
The orc warrior is almost dead.
The orc warrior hits you but does no damage.
You hit the orc warrior but do no damage.
The orc warrior is almost dead.
The orc warrior hits you with a +0 halberd!
* * * LOW HITPOINT WARNING * * *
You closely miss the orc warrior.
The orc warrior is almost dead.
The orc priest calls down the wrath of Beogh upon you.
Beogh smites you!
You die...

#.#.#.#..(...#.#.#
#.....
#.#.#.##.....#.#.#
#.....
#.#.#.##.....#.#.#
####..
#.#.#.##.....#.#.#
#.(
#.#.#.##.....#.#.#
#.#.#.#####..#.#.#
#.#.#.#####..#.#.#
#.#.#........#.#.#
#.#.########.#.#@#
[............#.#o#
##############.#o#
...............#F#
################)#
..% #.# .(.


You could see an orc warrior, a bullfrog and an orc priest.

Vanquished Creatures
  Pikel (D:6)
  The ghost of linguaignota the Digger, an amateur OpEE (D:6)
  An ice beast (D:6)
  A black bear (D:6)
  A sky beast (D:5)
  An ogre (D:4)
  A scorpion (D:4)
  A bullfrog zombie (D:6)
  A crimson imp (D:5)
  3 orc priests
  A gnoll shaman (D:6)
  3 orc wizards
  Crazy Yiuf (D:3)
  3 iguanas (D:6)
  2 worker ants (D:4)
  2 hound skeletons (D:4)
  A hound zombie (D:5)
  Robin (D:2)
  13 adders
  3 gnolls (D:6)
  2 oozes
  An adder skeleton (D:6)
  2 worms
  4 dart slugs
  5 leopard geckos
  16 orcs
  5 giant cockroaches
  17 goblins
  10 hobgoblins
  2 jackals (D:1)
  4 kobolds (D:1)
  5 quokkas
  7 bats
  7 frilled lizards
  A leopard gecko skeleton (D:4)
  2 leopard gecko zombies (D:5)
  6 rats
138 creatures vanquished.

Notes
Turn   | Place    | Note
-------+----------+-------------------------------------------
     0 | D:1      | Delamore the Gargoyle Fighter began the quest for the Orb.
     0 | D:1      | Reached XP level 1. HP: 14/14 MP: 1/1
   192 | D:1      | Reached XP level 2. HP: 19/19 MP: 2/2
   652 | D:2      | Reached skill level 4 in Fighting
   652 | D:2      | Reached XP level 3. HP: 22/24 MP: 3/3
   991 | D:2      | Found an opulent altar of Gozag.
   991 | D:2      | Found a burning altar of Makhleb.
   992 | D:2      | Found a bloodstained altar of Trog.
  1042 | D:2      | Noticed Robin
  1072 | D:2      | Killed Robin
  1072 | D:2      | Reached XP level 4. HP: 26/30 MP: 4/4
  2068 | D:3      | Reached XP level 5. HP: 34/34 MP: 5/5
  2160 | D:3      | Reached skill level 5 in Fighting
  2341 | D:3      | Found a runed translucent door.
  2342 | D:3      | Noticed Crazy Yiuf
  2534 | D:3      | Killed Crazy Yiuf
  2620 | D:4      | Noticed an ogre
  2628 | D:4      | Reached XP level 6. HP: 36/40 MP: 6/6
  2692 | D:4      | Reached skill level 6 in Fighting
  2771 | D:4      | Reached skill level 5 in Maces & Flails
  2796 | D:4      | Found a glowing golden altar of the Shining One.
  2815 | D:4      | Reached XP level 7. HP: 47/47 MP: 7/7
  2961 | D:4      | Found a glowing golden altar of the Shining One.
  3236 | D:5      | Entered Level 5 of the Dungeon
  3377 | D:5      | Found a shimmering altar of Xom.
  3664 | D:5      | Found a radiant altar of Vehumet.
  3893 | D:5      | Reached skill level 7 in Fighting
  3930 | D:5      | Found Birchipa's Distillery.
  3938 | D:5      | Bought a potion of heal wounds for 65 gold pieces
  4148 | D:6      | Reached XP level 8. HP: 50/53 MP: 8/8
  4334 | D:6      | Noticed Pikel
  4367 | D:6      | Killed Pikel
  4367 | D:6      | Reached skill level 8 in Fighting
  4390 | D:6      | Got a faintly glowing whip
  4391 | D:6      | Identified the +6 whip of the Smoking Queen {freeze, rC+
                  | Dex-2 SInv} (You found it on level 6 of the Dungeon)
  4599 | D:6      | Got a twisted ring mail
  4611 | D:6      | Identified the +0 ring mail of the Shore {-Cast Harm +Fly
                  | MP+9} (You found it on level 6 of the Dungeon)
  4851 | D:6      | Noticed linguaignota's ghost (amateur OpEE)
  4853 | D:6      | Found a transporter.
  4870 | D:6      | Found a transporter.
  4894 | D:6      | Killed linguaignota's ghost
  4894 | D:6      | Reached skill level 9 in Fighting
  4902 | D:6      | Reached XP level 9. HP: 55/60 MP: 9/9
  5017 | D:6      | Killed from afar by an orc priest

Illustrated notes

Levels and vault maps discovered:
D:1:      lightli_arrival_flooded_house, layout_rooms, minmay_crystal_water,
          hex_tiny
D:2:      layout_basic, chequers_temple_overflow_statue_of_worship,
          first_ration, grunt_ministairs_9, minmay_hexomino_p4, uniq_robin
D:3:      cheibrodos_helix_gallery, layout_basic, uniq_crazy_yiuf_cottage
D:4:      layout_cave_pools, old_standard_altar, nicolae_tso_carved_into_rock
D:5:      layout_basic, kennysheep_mini_moat, vehumet_statue, serial_shops, shop
D:6:      layout_basic, gammafunk_ghost_arena, uniq_pikel

Skill      XL: |  1  2  3  4  5  6  7  8 |
---------------+-------------------------+-----
Fighting       | 4 5 6 7 9 |  9.3
Maces & Flails | 3 4 5 6 8 |  8.2
Armour         | |  3.2
Shields        | |  3.2

Action                   |  1- 3 |  4- 6 |  7- 9 || total
-------------------------+-------+-------+-------++-------
Melee: Flail             |   138 |   170 |       ||   308
       Mace              |       |    57 |   209 ||   266
       Whip              |       |       |    53 ||    53
Throw: Javelin           |       |     7 |     8 ||    15
       Throwing net      |       |     1 |     1 ||     2
  Use: Potion            |       |       |     1 ||     1
       Scroll            |       |       |     1 ||     1
  Eat: Chunk             |     1 |     6 |     6 ||    13
Armor: Scale mail        |    92 |    33 |       ||   125
       Chain mail        |       |   119 |   118 ||   237
       Ring mail         |       |       |    11 ||    11
Dodge: Dodged            |    57 |    63 |    42 ||   162
Block: Kite shield       |    77 |   123 |   104 ||   304
